 Dungeon Crawl Stone Soup version 0.18-a0-822-gb52b7b4 (webtiles) character file.

22 Raultor the Skirmisher (level 2, -4/24 HPs)
             Began as a Demonspawn Fighter on Dec 16, 2015.
             Slain by Natasha (8 damage)
             ... on level 2 of the Dungeon.
             The game lasted 00:02:37 (977 turns).

Raultor the Skirmisher (Demonspawn Fighter)          Turns: 977, Time: 00:02:37

Health: -4/24      AC:  9    Str: 16    XL:     2   Next: 68%
Magic:  2/2        EV:  6    Int:  9    God:
Gold:   49         SH:  8    Dex: 12    Spells: 0 memorised, 1 level left

rFire  . . .     SeeInvis .     a - +0 flail
rCold  . . .     Gourm    .     b - +0 scale mail
rNeg   . . .     Faith    .     c - +0 shield
rPois  .         Spirit   .     (no helmet)
rElec  .         Dismiss  .     (no cloak)
rCorr  .         Reflect  .     (no gloves)
SustAt .         Harm     .     (no boots)
MR     .....                    (no amulet)
Stlth  ..........               (no ring)
                                p - +3 ring of protection

@: not resistant to hostile enchantments, extremely unstealthy
A: rot immunity
a: no special abilities


You were on level 2 of the Dungeon.
You were not hungry.

You visited 1 branch of the dungeon, and saw 2 of its levels.

You collected 49 gold pieces.

Inventory:

Hand Weapons
 a - a +0 flail (weapon)
Armour
 b - a +0 scale mail (worn)
 c - a +0 shield (worn)
 e - a +0 leather armour
   (You found it on level 1 of the Dungeon)
Jewellery
 p - a +3 ring of protection (left hand)
   (You found it on level 2 of the Dungeon)
Scrolls
 i - a scroll of enchant armour {unknown}
 k - 2 scrolls of enchant weapon {unknown}
 m - a scroll of teleportation {unknown}
 n - 3 scrolls of identify {unknown}
 o - a scroll of recharging {unknown}
Potions
 d - a potion of might
 g - a potion of cancellation {unknown}
 j - 2 potions of lignification {unknown}
 l - 2 potions of curing {unknown}
Comestibles
 f - a bread ration {@e1}
 h - 4 chunks of flesh {@w0}
 q - a meat ration {@e2}


   Skills:
 + Level 3.2 Fighting
 + Level 2.1 Maces & Flails
 + Level 3.0 Armour
 + Level 2.9 Shields


You had one spell level left.
You didn't know any spells.

Dungeon Overview and Level Annotations

Branches:
Dungeon (2/15)

Altars:

Annotations:
D:2 Natasha


Innate Abilities, Weirdness & Mutations

You are immune to rotting.


Message History

You kill the giant newt!
No target in view!
No target in view!
A goblin comes into view. It is wielding a club.
A goblin is nearby!
No target in view!
No target in view!
The goblin is too close now for your liking.
The goblin hits you but does no damage.
You hit the goblin.
You kill the goblin!
No target in view!
Things that are here:
a club; a goblin corpse You butcher the goblin corpse.
h - 3 chunks of flesh {@w0} You see here a club.
o - a scroll labeled ITEUPERPHAG
Found a stone staircase leading up.
p - a shiny emerald ring Put on which piece of jewellery? (? for menu, Esc to quit)
p - a +3 ring of protection (left hand)
q - a meat ration {@e2}
n - 3 scrolls labeled TAMUEN AFRIE (gained 1)
A hobgoblin comes into view.
You block the hobgoblin's attack.
You barely miss the hobgoblin. The hobgoblin closely misses you.
The hobgoblin hits you but does no damage.
Your scale mail prevents you from hitting the hobgoblin.
The hobgoblin hits you but does no damage.
You barely miss the hobgoblin. The hobgoblin closely misses you.
You closely miss the hobgoblin. You block the hobgoblin's attack.
You block the hobgoblin's attack.
You barely miss the hobgoblin.
The hobgoblin hits you but does no damage.
You hit the hobgoblin. The hobgoblin hits you.
You take 2 damage, and have 22/24 hp.
Your shield and scale mail prevent you from hitting the hobgoblin.
The hobgoblin barely misses you. x2
You hit the hobgoblin.
You kill the hobgoblin!
No target in view!
A rat comes into view.
A bat comes into view.
The bat hits you but does no damage.
You miss the bat. You block the bat's attack.
You hit the rat.
You kill the rat!
The bat hits you but does no damage. You block the bat's attack.
The bat hits you but does no damage. The bat barely misses you.
You see here 22 stones.
You sock the bat!
You kill the bat!
No target in view!
No target in view!
You see here a bat corpse.
You butcher the bat corpse.
h - 4 chunks of flesh {@w0} (gained 1)
You see here 22 stones.
You now have 49 gold pieces (gained 12).
You enter a teleport trap!
The teleport trap disappears.
Your surroundings suddenly seem different.
A goblin comes into view.
Health restored: 24 A goblin is nearby!
You sock the goblin!
You kill the goblin!
No target in view!
No target in view!
Natasha, Servant of Life and Death comes into view.
You see here 18 gold pieces.
You thump Natasha! You block Natasha's attack. Natasha claws you.
You take 2 damage, and have 22/24 hp.
You hit Natasha but do no damage.
Natasha mumbles some strange words.
You completely miss Natasha. Natasha claws you but does no damage.
You block the shadow imp's attack.
You closely miss Natasha. Natasha claws you.
The shadow imp hits you but does no damage.
Natasha claws you.
You take 3 damage, and have 20/24 hp.
Your shield prevents you from hitting Natasha.
You block the shadow imp's attack.
Natasha stares at you and mumbles some strange words.
The magic dart hits you! The shadow imp barely misses you.
You take 1 damage, and have 19/24 hp.
You closely miss Natasha. Natasha claws you. The shadow imp gestures at you.
Pain shoots through your body! Natasha casts a spell at you.
The magic dart hits you!
* * * LOW HITPOINT WARNING * * *
You take 12 damage, and have 7/24 hp.
MASSIVE DAMAGE!!
You closely miss Natasha. The shadow imp hits you.
* * * LOW HITPOINT WARNING * * *
Natasha claws you!
You die...

## .. ####
#######.####
.....##..5.......#
......†...@h..#
######.####.....#
#.# .#..# #.# # #
#.# ... #.. ...


You could see Natasha and a shadow imp.

Vanquished Creatures
  3 bats
  4 giant cockroaches (D:1)
  3 hobgoblins
  3 giant newts
  5 goblins
  A kobold (D:1)
  3 rats
22 creatures vanquished.

Notes
Turn   | Place    | Note
--------------------------------------------------------------
     0 | D:1      | Raultor the Demonspawn Fighter began the quest for the Orb.
     0 | D:1      | Reached XP level 1. HP: 18/18 MP: 1/1
   193 | D:1      | Reached skill level 2 in Maces & Flails
   225 | D:1      | Gained mutation: You are immune to rotting. [demonic ancestry]
   225 | D:1      | Reached XP level 2. HP: 22/24 MP: 2/2
   740 | D:1      | Reached skill level 3 in Armour
   968 | D:2      | Noticed Natasha
   977 | D:2      | HP: 4/24 [shadow imp[Natasha] (3)]
   977 | D:2      | Slain by Natasha

Vault maps used:
D:1:      wheals_arrival_linesprint, minmay_cupped
D:2:      uniq_natasha

Action                   || total
-------------------------++-------
Melee: Flail             ||    67

Vault maps used:
D:1:      wheals_arrival_linesprint, minmay_cupped
D:2:      uniq_natasha

Table legend:
 A = Turns spent in this place as a percentage of turns spent in the entire game.
 B = Non-inter-level travel turns spent in this place as a percentage of non-inter-level travel turns spent in the entire game.
 C = Inter-level travel turns spent in this place as a percentage of turns spent in this place.
 D = Turns resting spent in this place as a percentage of non-inter-level travel turns spent in this place.
 E = Turns spent auto-exploring this place as a percentage of non-inter-level travel turns spent in this place.
 F = Non-inter-level travel turns spent in this place divided by the number of levels of this place that you've seen.
                   A       B       C       D       E      F
               +-------+-------+-------+-------+-------+----------------------
         Total | 100.0 | 100.0 |   1.0 |   0.0 |  19.0 |  94.5
       Dungeon | 100.0 | 100.0 |   1.0 |   0.0 |  19.0 |  94.5
               +-------+-------+-------+-------+-------+----------------------

Table legend:
 A = Kills in this place as a percentage of kills in entire the game.
 B = Kills by you in this place as a percentage of kills by you in the entire game.
 C = Kills by friends in this place as a percentage of kills by friends in the entire game.
 D = Other kills in this place as a percentage of other kills in the entire game.
 E = Experience gained in this place as a percentage of experience gained in the entire game.
 F = Experience gained in this place divided by the number of levels of this place that you have seen.
                   A       B       C       D       E      F
               +-------+-------+-------+-------+-------+----------------------
         Total | 100.0 | 100.0 |  -nan |  -nan | 100.0 |  16.0
       Dungeon | 100.0 | 100.0 |  -nan |  -nan | 100.0 |  16.0
               +-------+-------+-------+-------+-------+----------------------
